 Dungeon Crawl Stone Soup version 0.32-a0-933-ga8fa3634e4 (webtiles) character file.

Game seed: 14393937561468313022

56 Heh the Slasher (level 3, -2/27 HPs)
             Began as a Demonspawn Gladiator on Apr 15, 2024.
             Incinerated by a bombardier beetle (6 damage)
             ... with a burning spray
             ... on level 2 of the Dungeon.
             The game lasted 00:00:46 (1041 turns).

Heh the Slasher (Demonspawn Gladiator)              Turns: 1041, Time: 00:00:46

Health: -2/27      AC:  4    Str: 14    XL:     3   Next: 71%
Magic:  3/3        EV: 11    Int:  8    God:
Gold:   76         SH:  4    Dex: 16    Spells: 2/2 levels left

rFire   . . .        a - +0 long sword
rCold   . . .        (no shield)
rNeg    . . .        b - +0 leather armour
rPois   .            c - +0 helmet
rElec   .            (no cloak)
rCorr   .            (no gloves)
SInv    .            (no boots)
Will    .....        (no amulet)
Stlth   +            (no ring)
HPRegen 0.24/turn    (no ring)
MPRegen 0.08/turn

%: no passive effects
@: on fire, glowing
A: large bone plates 1
a: no special abilities


You were on level 2 of the Dungeon.
You visited 1 branch of the dungeon, and saw 2 of its levels.

You collected 76 gold pieces.

Inventory:

Hand Weapons
 a - a +0 long sword (weapon)
Missiles
 d - 3 throwing nets (quivered)
 e - a javelin
Armour
 b - a +0 leather armour (worn)
 c - a +0 helmet (worn)
Scrolls
 f - 3 scrolls of teleportation {unknown}
 g - a scroll of amnesia {unknown}
 h - 2 scrolls of identify {unknown}
 j - a scroll of enchant weapon {unknown}
Potions
 i - 2 potions of haste {unknown}
 k - a potion of magic {unknown}


   Skills:
 - Level 2.0 Fighting
 + Level 4.3 Long Blades
 - Level 1.7 Throwing
 - Level 2.6 Dodging


You had 2 spell levels left.
You didn't know any spells.
Your spell library was empty.

Dungeon Overview and Level Annotations

Branches:
Dungeon (2/15)

Altars:


Innate Abilities, Weirdness & Mutations

You are partially covered in large bone plates. (SH +4)


Message History

You hit the bombardier beetle.
The bombardier beetle is heavily wounded.
The hobgoblin hits you but does no damage.
The bombardier beetle bites you.
You hit the bombardier beetle but do no damage.
The bombardier beetle is heavily wounded.
The hobgoblin barely misses you.
The bombardier beetle closely misses you.
The hobgoblin hits you.
You closely miss the bombardier beetle.
The bombardier beetle is heavily wounded.
The hobgoblin misses you.
You hit the bombardier beetle.
The bombardier beetle is severely wounded.
You block the bombardier beetle's attack.
The hobgoblin hits you.
You hit the bombardier beetle.
The bombardier beetle is almost dead.
You block the hobgoblin's attack.
The bombardier beetle sprays incendiary fluid at you.
The burning spray hits you.
You are covered in liquid fire!
You hit the bombardier beetle.
You kill the bombardier beetle!
The liquid fire burns you!
The hobgoblin hits you but does no damage.
Your Long Blades skill increases to level 4!
You have reached level 3!
Your experience leads to an increase in your attributes!
Increase (S)trength, (I)ntelligence, or (D)exterity?
You feel agile. x2
You hit the hobgoblin.
The hobgoblin is almost dead.
The liquid fire burns you!
* * * LOW HITPOINT WARNING * * *
The hobgoblin hits you but does no damage. x2
You hit the hobgoblin.
You kill the hobgoblin!
The liquid fire burns you!
You die...

.#...#.#.#.##.#
..)..#.#.#....#+#
####.#.#......#.###
####.#.#.....##...###
.....#.#.#####..⌠...###
.#.....#.# ##........##
.#.#####.# #...........
.#.###...# ##........⌠.#
.........###....@†.....#
.........'##.⌠........##
.#....................#
.#.......####........##
.#.......# ###...⌠..#
.#.......########...##
.#...........######.+
.#.........#......#####
.#.........######>....###


There were no monsters in sight!

Vanquished Creatures
  A bombardier beetle (D:2)
  2 bats
  2 endoplasms
  3 goblins
  A hobgoblin (D:2)
  6 kobolds
  2 quokkas (D:1)
  6 ball pythons
  2 frilled lizards
  A rat (D:1)
26 creatures vanquished.

Notes
Turn   | Place    | Note
-------+----------+-------------------------------------------
     0 | D:1      | Heh the Demonspawn Gladiator began the quest for the Orb.
     0 | D:1      | Reached XP level 1. HP: 16/16 MP: 1/1
   140 | D:1      | Reached skill level 3 in Long Blades
   205 | D:1      | Gained mutation: You are partially covered in large bone
                  | plates. (SH +4) [demonic ancestry]
   205 | D:1      | Reached XP level 2. HP: 18/22 MP: 2/2
  1025 | D:2      | Noticed a bombardier beetle
  1039 | D:2      | Killed a bombardier beetle
  1040 | D:2      | Reached skill level 4 in Long Blades
  1040 | D:2      | Reached XP level 3. HP: 9/27 MP: 3/3
  1041 | D:2      | Incinerated by a bombardier beetle

Illustrated notes

Levels and vault maps discovered:
D:1:      psy_arrival_dodecagon, layout_basic
D:2:      minmay_skewed_foursquare, layout_basic, roderic_roman_lattice

Skill      XL: |  1  2 |
---------------+-------+-----
Long Blades    | 3 4 |  4.3
Fighting       | |  2.0
Throwing       | |  1.7
Dodging        | |  2.6

Action                     || total
---------------------------++-------
  Melee: Long sword        ||    66
 Armour: Leather armour    ||    48
  Dodge: Dodged            ||    44
  Block: Other             ||     8

Table legend: (Time is in decaauts)
 A = Elapsed time spent in this place.
 B = Non-inter-level travel time spent in this place.
 C = Inter-level travel time spent in this place.
 D = Time resting spent in this place.
 E = Time spent auto-exploring this place.
 F = Levels seen in this place.
 G = Mean time per level.
                   A        B        C        D        E       F      G
               +--------+--------+--------+--------+--------+-----+--------+
         Total |   1056 |   1043 |     13 |      0 |    874 |   2 |  528.0 |
       Dungeon |   1056 |   1043 |     13 |      0 |    874 |   2 |  528.0 |
               +--------+--------+--------+--------+--------+-----+--------+

Top non-repeatable levels by time:
     D:1: 677 daAuts
     D:2: 378 daAuts
